 Dungeon Crawl Stone Soup version 0.28-a0-1114-g8eb0198dcf (webtiles) character file.

Game seed: 15489877317656554555

510 BinkBink the Cutter (level 6, -1/44 HPs)
             Began as a Demonspawn Chaos Knight on Dec 11, 2021.
             Was a Plaything of Xom.
             Slain by a phantom (2 damage)
             ... on level 5 of the Dungeon.
             The game lasted 00:06:47 (4165 turns).

BinkBink the Cutter (Demonspawn Chaos Knight)       Turns: 4165, Time: 00:06:48

Health: -1/44      AC:  5    Str: 16 (18) XL:     6   Next: 98%
Magic:  6/6        EV: 12    Int: 13      God:    Xom [.*....]
Gold:   141        SH:  0    Dex: 15      Spells: 5/5 levels left

rFire   . . .      SeeInvis .   a - +0 short sword (chaos)
rCold   . . .      Faith    .   (no shield)
rNeg    . . .      Spirit   .   b - +2 leather armour
rPois   .          Reflect  .   (no helmet)
rElec   .          Harm     .   (cloak unavailable)
rCorr   .          Rampage  .   (no gloves)
Will    +....                   (no boots)
Stlth   ++........              (no amulet)
HPRegen 0.14/turn               m - +6 ring of strength
MPRegen 0.10/turn               (no ring)

@: about to teleport, liquefying, slowed movement, very slow
A: foul stench 1, weakness stinger 3, claws 1, deterioration 1, frail 1,
strong-willed 1, screaming 1
a: Renounce Religion


You were on level 5 of the Dungeon.
You worshipped Xom.
You were a plaything of Xom.
You visited 1 branch of the dungeon, and saw 5 of its levels.

You collected 141 gold pieces.

Inventory:

Hand Weapons
 a - a +0 short sword of chaos (weapon)
 e - a +1 dagger of speed
 h - a +4 hand crossbow
Missiles
 n - 23 poisoned darts (quivered)
 q - 21 bolts
Armour
 b - a +2 leather armour (worn)
 p - a +0 plate armour
Jewellery
 f - a ring of wizardry
 m - a +6 ring of strength (left claw)
Scrolls
 c - 2 scrolls of identify
 g - a scroll of vulnerability {unknown}
 i - a scroll of teleportation
 j - a scroll of enchant armour {unknown}
 k - 3 scrolls of magic mapping {unknown}
 l - a scroll of torment {unknown}
 o - a scroll of noise {unknown}
 r - a scroll of amnesia {unknown}


   Skills:
 + Level 4.4 Fighting
 + Level 5.0 Short Blades
 * Level 0.5 Crossbows
 + Level 3.1 Armour
 + Level 2.5 Dodging
 + Level 1.6 Stealth


You had 5 spell levels left.
You didn't know any spells.
Your spell library contained the following spells:

 Spells                   Type           Power      Damage    Failure   Level
 Frozen Ramparts          Ice            0%         1d2       73%         3
 Ice Form                 Ice/Tmut       0%         N/A       98%         4
 Summon Ice Beast         Ice/Summ       0%         N/A       98%         4


Dungeon Overview and Level Annotations

Branches:
Dungeon (5/15)             Temple (0/1) D:4

Altars:
Cheibriados
Uskayaw
Yredelemnul


Innate Abilities, Weirdness & Mutations

You may rarely emit foul miasma when damaged in melee.
You have a sharp stinger which inflicts weakening toxins.
You have sharp fingernails.
Your body sometimes deteriorates upon taking damage.
You are frail. (-10% HP)
You are strong-willed. (Will+)
You occasionally shout uncontrollably at your foes.


Message History

You hit the phantom.
The phantom is heavily damaged.
The phantom hits you but does no damage.
You hit the phantom but do no damage.
The phantom is heavily damaged.
The phantom closely misses you.
You closely miss the phantom. You tail-slap the phantom.
The phantom is severely damaged.
The phantom closely misses you.
You hit the phantom but do no damage.
The phantom is severely damaged.
The phantom hits you.
You hit the phantom but do no damage.
The phantom flickers and vanishes!
Deactivating autopickup; reactivate with Ctrl-A.
Something hits you.
You miss something. You barely miss something.
Your tail-slap misses something.
Something hits you.
You blink.
You completely miss something.
Your tail-slap misses something.
Something barely misses you.
You completely miss something.
Your tail-slap misses something.
Something hits you.
You blink.
Something hits you.
* * * LOW HITPOINT WARNING * * *
You blink.
Found a dagger.
Something hits you.
* * * LOW HITPOINT WARNING * * *
Something hits you but does no damage. Something hits you.
* * * LOW HITPOINT WARNING * * *
You blink.
You feel better. Something hits you.
* * * LOW HITPOINT WARNING * * *
You blink.
As you read the scroll of teleportation, it crumbles to dust.
You feel strangely unstable. Something hits you!
* * * LOW HITPOINT WARNING * * *
Something hits you.
You die... "It's all fun and games until someone loses an eye."

#.....#.........
#.....#.........
#....<#........
#.....#....... .
#....###....# .#
#....###....###..#
#.................
#.................
#.........@.......
#....##...####...#
#....##...######+#
#.ยง..#...........
#....#...........
#....#..........)
#...###..###...##
###+# #### ...#
....


There were no monsters in sight!

Vanquished Creatures
  A necrophage (D:4)
  2 phantoms (D:4)
  A hound (D:4)
  A jelly (D:4)
  A gnoll (D:3)
  4 adders (D:3)
  4 worms
  6 dart slugs
  11 orcs
  7 endoplasms
  3 giant cockroaches
  3 goblins
  8 hobgoblins
  10 jackals
  5 quokkas
  8 ball pythons
  2 bats
  12 kobolds
  4 rats
93 creatures vanquished.

Vanquished Creatures (collateral kills)
  A jelly (D:4)
  An adder (D:4)
2 creatures vanquished.

Grand Total: 95 creatures vanquished

Notes
Turn   | Place    | Note
-------+----------+-------------------------------------------
     0 | D:1      | BinkBink the Demonspawn Chaos Knight began the quest for
                  | the Orb.
     0 | D:1      | Reached XP level 1. HP: 18/18 MP: 1/1
    68 | D:1      | Reached skill level 3 in Short Blades
   144 | D:1      | Found a faded altar of an unknown god.
   152 | D:1      | Gained mutation: You have a small tail. [demonic ancestry]
   152 | D:1      | Reached XP level 2. HP: 21/24 MP: 2/2
   191 | D:1      | XOM: divination: magic mapping
   471 | D:1      | XOM: silly message
   651 | D:1      | Reached skill level 1 in Dodging
   653 | D:1      | Gained mutation: You have a tail ending in a sharp stinger.
                  | [demonic ancestry]
   653 | D:1      | Reached XP level 3. HP: 24/29 MP: 3/3
  1311 | D:2      | XOM: divination: magic mapping
  1528 | D:3      | XOM: 1-stop teleportation journey
  1535 | D:3      | Reached XP level 4. HP: 29/35 MP: 4/4
  1624 | D:3      | XOM: enchant monster (bad)
  1662 | D:3      | XOM: 1-stop teleportation journey
  1785 | D:3      | XOM: give mutation
  1785 | D:3      | Gained mutation: You have sharp fingernails. [Xom's
                  | mischief]
  1925 | D:3      | Reached skill level 4 in Short Blades
  2107 | D:3      | Found a basalt altar of Yredelemnul.
  2456 | D:3      | Gained mutation: You may rarely emit foul miasma when
                  | damaged in melee. [demonic ancestry]
  2456 | D:3      | Reached XP level 5. HP: 39/42 MP: 5/5
  2476 | D:3      | Found a snail-covered altar of Cheibriados.
  2667 | D:4      | Found a staircase to the Ecumenical Temple.
  2686 | D:4      | XOM: polymorph endoplasm -> dart slug
  2735 | D:4      | Noticed a phantom
  2736 | D:4      | XOM: stat loss: -1 Str (17/18)
  2746 | D:4      | XOM: potion effect (heal wounds)
  2747 | D:4      | XOM: enchant monster (bad)
  2750 | D:4      | XOM: confuse monster(s)
  2752 | D:4      | Killed a phantom
  2859 | D:4      | XOM: enchant monster (bad)
  2866 | D:4      | XOM: summons 2 friendly demons
  2871 | D:4      | Reached skill level 1 in Stealth
  2871 | D:4      | Gained mutation: You have a sharp stinger which inflicts
                  | weakening toxins. [demonic ancestry]
  2871 | D:4      | Reached XP level 6. HP: 22/48 MP: 6/6
  3368 | D:4      | Found a hide-covered altar of Uskayaw.
  3628 | D:4      | XOM: enchant monster (good)
  3635 | D:4      | XOM: summons friendly crimson imp
  3897 | D:4      | XOM: potion effect (curing)
  3906 | D:4      | Reached skill level 5 in Short Blades
  3955 | D:4      | XOM: give mutations
  3955 | D:4      | Gained mutation: Your body sometimes deteriorates upon
                  | taking damage. [Xom's mischief]
  3955 | D:4      | Gained mutation: You are frail. (-10% HP) [Xom's mischief]
  3955 | D:4      | Gained mutation: You are strong-willed. (Will+) [Xom's
                  | mischief]
  3955 | D:4      | Gained mutation: You occasionally shout uncontrollably at
                  | your foes. [Xom's mischief]
  4133 | D:5      | Entered Level 5 of the Dungeon
  4136 | D:5      | XOM: cast spell 'Leda's Liquefaction'
  4163 | D:5      | HP: 1/44 [something (7)]
  4165 | D:5      | Slain by a phantom

Illustrated notes

Levels and vault maps discovered:
D:1:      nzn_arrival_settlement, layout_loops_corners,
          hellmonk_ecumenical_altar_arch_garden
D:2:      layout_rooms, serial_bayou_pond_d
D:3:      layout_basic, cheibriados_altar_1, mainiacjoe_overflow_alcove_2,
          minmay_misc_feat_pillars, fountainhead, grunt_ministairs_14
D:4:      layout_gridville, mainiacjoe_overflow_surrounded_room,
          minmay_temple_entry_junction, minmay_pentangle
D:5:      layout_gridville, water_boxes_lemuel

Skill      XL: |  1  2  3  4  5  6 |
---------------+-------------------+-----
Short Blades   | 3 4 5 |  5.0
Dodging        | 1 2 |  2.5
Armour         | 2 3 |  3.1
Fighting       | 4 |  4.4
Stealth        | 1 |  1.6
Crossbows      | |  0.5

Action                   |  1- 3 |  4- 6 || total
-------------------------+-------+-------++-------
Melee: Short sword       |   109 |   238 ||   347
       Tailslap          |    14 |    25 ||    39
  Use: Potion            |       |     9 ||     9
       Scroll            |       |     3 ||     3
 Stab: Sleeping          |     3 |       ||     3
       Paralysed         |       |     2 ||     2
       Confused          |       |     1 ||     1
Armor: Leather armour    |    25 |    55 ||    80
       Skin              |       |     5 ||     5
Dodge: Dodged            |    54 |   126 ||   180

Table legend: (Time is in decaauts)
 A = Elapsed time spent in this place.
 B = Non-inter-level travel time spent in this place.
 C = Inter-level travel time spent in this place.
 D = Time resting spent in this place.
 E = Time spent auto-exploring this place.
 F = Levels seen in this place.
 G = Mean time per level.
                   A        B        C        D        E       F      G
               +--------+--------+--------+--------+--------+-----+--------+
         Total |   4127 |   4028 |     99 |      0 |   3333 |   5 |  825.4 |
       Dungeon |   4127 |   4028 |     99 |      0 |   3333 |   5 |  825.4 |
               +--------+--------+--------+--------+--------+-----+--------+

Top non-repeatable levels by time:
     D:4: 1547 daAuts
     D:3: 1143 daAuts
     D:1: 954 daAuts
     D:2: 452 daAuts
     D:5: 29 daAuts
